 Dungeon Crawl Stone Soup version 0.27.0-1-g7a08968 (webtiles) character file.

Game seed: 9102346641179718316

1675 Illumine the Basher (level 8, -4/71 HPs)
             Began as a Minotaur Fighter on Aug 27, 2021.
             Was a Priest of Okawaru.
             Slain by Joseph (11 damage)
             ... on level 7 of the Dungeon.
             The game lasted 00:04:56 (5988 turns).

Illumine the Basher (Minotaur Fighter)              Turns: 5988, Time: 00:04:57

Health: -4/71      AC: 13    Str: 24    XL:     8   Next: 70%
Magic:  7/9        EV:  9    Int: 11    God:    Okawaru [***...]
Gold:   257        SH: 12    Dex:  9    Spells: 7/7 levels left

rFire    . . .     SeeInvis .   a - +0 flail
rCold    . . .     Faith    +   c - +0 kite shield
rNeg     . . .     Spirit   .   v - +0 chain mail
rPois    .         Reflect  .   (helmet restricted)
rElec    .         Harm     .   (no cloak)
rCorr    .         Rampage  .   A - +0 pair of gloves
Will     .....                  (no boots)
Stlth    ..........             m - amulet of faith
HPRegen  0.21/turn              k - +6 ring of intelligence
MPRegen  0.11/turn              (no ring)

@: heroic
A: horns 2, retaliatory headbutt
a: Renounce Religion, Heroism


You were on level 7 of the Dungeon.
You worshipped Okawaru.
Okawaru was most pleased with you.
You visited 1 branch of the dungeon, and saw 7 of its levels.

You collected 257 gold pieces.

Inventory:

Hand Weapons
 a - a +0 flail (weapon)
Missiles
 g - 31 sling bullets
 z - 7 datura-tipped darts (quivered)
Armour
 c - a +0 kite shield (worn)
 v - a +0 chain mail (worn)
 A - a +0 pair of gloves (worn)
Jewellery
 k - a +6 ring of intelligence (left hand)
 m - an amulet of faith (around neck)
Scrolls
 h - 3 scrolls of identify {unknown}
 j - 4 scrolls of enchant weapon {unknown}
 l - a scroll of enchant armour {unknown}
 n - a scroll of torment {unknown}
 o - a scroll of fog {unknown}
 q - 2 scrolls of blinking {unknown}
 r - a scroll of fear {unknown}
 u - 2 scrolls of magic mapping {unknown}
 x - a scroll of immolation {unknown}
 y - a scroll of noise {unknown}
 B - a scroll of teleportation {unknown}
 C - a scroll of acquirement {unknown}
Potions
 b - 2 potions of brilliance {unknown}
 d - 2 potions of might
 e - 3 potions of lignification {unknown}
 f - 2 potions of degeneration {unknown}
 i - a potion of resistance {unknown}
 p - 2 potions of mutation {unknown}
 s - 3 potions of heal wounds {unknown}
 t - 3 potions of curing {unknown}
 w - a potion of haste {unknown}


   Skills:
 + Level 6.7(11.7) Fighting
 * Level 8.4(13.4) Maces & Flails
 + Level 6.7(11.7) Armour
 + Level 6.6(11.6) Shields
 + Level 3.2 Invocations


You had 7 spell levels left.
You didn't know any spells.
Your spell library contained the following spells:

 Spells                   Type           Power      Damage    Failure   Level
 Beastly Appendage        Tmut           0%         N/A       95%         1
 Wereblood                Tmut           0%         N/A       99%         2
 Ozocubu's Armour         Ice            0%         N/A       100%        3
 Spider Form              Tmut/Pois      0%         N/A       100%        3
 Ozocubu's Refrigeration  Ice            0%         4d5       100%        7


Dungeon Overview and Level Annotations

Branches:
Dungeon (7/15)             Temple (0/1) D:4

Altars:
Hepliaklqana
Okawaru
Uskayaw

Annotations:
D:2 Sigmund
D:7 Joseph


Innate Abilities, Weirdness & Mutations

You have a pair of horns on your head.
You reflexively headbutt those who attack you in melee.


Message History

No target in view!
Found 8 arrows.
No target in view!
You see here a +0 club.
You see here 8 arrows.
Joseph, a Mercenary comes into view.
He is wielding a +0 quarterstaff and wearing a +2 leather armour of fire resistance.
Joseph shouts!
Joseph unwields a +0 quarterstaff.
Joseph wields a +0 hunting sling.
Joseph shoots a sling bullet.
The sling bullet hits you!!
Joseph shoots a sling bullet.
The sling bullet hits you!
Joseph is nearby!
Joseph grins evilly.
Joseph shoots a sling bullet.
You block the sling bullet.
Found a scroll labelled PAPSU NUMOUTOAFFA.
Joseph is nearby!
Joseph is nearby!
Unknown command.
Joseph shoots a sling bullet.
The sling bullet hits you!
Joseph unwields a +0 hunting sling.
Joseph wields a +0 quarterstaff.
Joseph hits you with a +0 quarterstaff!
You sock Joseph! Your headbutt misses Joseph.
Joseph is lightly wounded.
Joseph hits you with a +0 quarterstaff!
* * * LOW HITPOINT WARNING * * *
You barely miss Joseph.
Joseph is lightly wounded.
Joseph hits you with a +0 quarterstaff!
* * * LOW HITPOINT WARNING * * *
You gain the combat prowess of a mighty hero.
Joseph says, "You will never get the ORB, sorry."
You block Joseph's attack.
You sock Joseph! Your headbutt misses Joseph.
Joseph is moderately wounded.
You block Joseph's attack.
You sock Joseph! Your headbutt misses Joseph.
Joseph is heavily wounded.
You hit Joseph. Your headbutt misses Joseph.
Joseph is heavily wounded.
Joseph hits you with a +0 quarterstaff!
You die...

..# #.# ### #.# #.. #.#
#.# ### #.# #.# ## #
##.###.# #.# ..#.#
####.(.##.####.###....##
+.......)(..............
####...##.####..@@....#
##.###.# #####..?.#
##....# ##.# #.#### #.#
#.# #.# #.# #.#


You could see Joseph.

Vanquished Creatures
  2 water moccasins
  A black bear (D:6)
  2 ice beasts (D:6)
  A necrophage (D:4)
  A hornet zombie (D:6)
  An ogre (D:5)
  A centaur (D:6)
  A phantom (D:4)
  Blork the orc (D:5)
  A scorpion (D:5)
  A water moccasin zombie (D:6)
  2 water moccasin skeletons
  A howler monkey (D:6)
  2 centaur zombies
  A hound (D:6)
  2 jellies
  A bullfrog skeleton (D:6)
  3 orc wizards (D:7)
  A scorpion zombie (D:5)
  6 adders
  A gnoll (D:1)
  A shadow imp (D:6)
  A white imp (D:5)
  2 ufetubi
  An adder skeleton (D:4)
  2 worms
  2 dart slugs
  10 orcs
  7 bats
  4 endoplasms
  5 giant cockroaches
  10 goblins
  8 hobgoblins
  8 jackals
  8 quokkas
  8 ball pythons
  3 frilled lizards
  5 kobolds (D:1)
  5 rats
123 creatures vanquished.

Notes
Turn   | Place    | Note
-------+----------+-------------------------------------------
     0 | D:1      | Illumine the Minotaur Fighter began the quest for the Orb.
     0 | D:1      | Reached XP level 1. HP: 19/19 MP: 0/0
   121 | D:1      | Reached XP level 2. HP: 26/27 MP: 1/1
   126 | D:1      | Reached skill level 3 in Maces & Flails
   287 | D:1      | Reached XP level 3. HP: 25/33 MP: 2/2
   862 | D:2      | Reached XP level 4. HP: 22/40 MP: 3/3
   866 | D:2      | Noticed Sigmund
  1259 | D:2      | Found a hide-covered altar of Uskayaw.
  1332 | D:2      | Reached skill level 4 in Maces & Flails
  1563 | D:3      | Found an iron altar of Okawaru.
  1574 | D:3      | Became a worshipper of Warmaster Okawaru
  2216 | D:3      | Found a hazy altar of Hepliaklqana.
  2581 | D:4      | Reached XP level 5. HP: 43/47 MP: 4/4
  2641 | D:4      | Noticed a necrophage
  2651 | D:4      | Killed a necrophage
  2652 | D:4      | Reached skill level 5 in Maces & Flails
  2985 | D:4      | Reached * piety under Okawaru
  2986 | D:4      | Reached XP level 6. HP: 55/55 MP: 5/5
  3016 | D:4      | Reached skill level 5 in Fighting
  3233 | D:4      | Reached skill level 5 in Armour
  3233 | D:4      | Reached skill level 5 in Shields
  3594 | D:4      | Found a staircase to the Ecumenical Temple.
  3614 | D:5      | Entered Level 5 of the Dungeon
  3815 | D:5      | Reached skill level 6 in Maces & Flails
  3815 | D:5      | Reached XP level 7. HP: 59/61 MP: 6/6
  3829 | D:5      | Reached skill level 1 in Invocations
  4059 | D:5      | Noticed Blork the orc
  4062 | D:5      | Killed Blork the orc
  4334 | D:5      | Reached ** piety under Okawaru
  4598 | D:6      | Reached skill level 7 in Maces & Flails
  4702 | D:6      | Reached XP level 8. HP: 58/70 MP: 8/8
  5434 | D:6      | Reached *** piety under Okawaru
  5435 | D:6      | Reached skill level 8 in Maces & Flails
  5977 | D:7      | Noticed Joseph
  5988 | D:7      | Slain by Joseph

Illustrated notes

Levels and vault maps discovered:
D:1:      dpeg_arrival_arbitrary_c, layout_basic, minmay_misc_feat_more_columns
D:2:      layout_basic, basic_altar, hellmonk_ecumenical_altar_crossroads,
          uniq_sigmund
D:3:      layout_basic, okawaru_gym_becter, mainiacjoe_overflow_tiny_flanked
D:4:      layout_cave_pools, minmay_temple_entry_fiery
D:5:      layout_gridville, dk_noncrumbling_3, grunt_ministairs_1,
          uniq_blork_the_orc
D:6:      layout_cave_pools, minmay_misc_feat_cross
D:7:      layout_loops_corners, minmay_hedge_maze, uniq_joseph

Skill      XL: |  1  2  3  4  5  6  7  8 |
---------------+-------------------------+-----
Maces & Flails | 3 4 5 6 7 8 |  8.4
Fighting       | 4 5 6 |  6.7
Armour         | 4 5 6 |  6.7
Shields        | 4 5 6 |  6.6
Invocations    | 2 3 |  3.2

Action                   |  1- 3 |  4- 6 |  7- 9 || total
-------------------------+-------+-------+-------++-------
Melee: Flail             |    94 |   172 |   140 ||   406
       Headbutt          |    11 |    29 |    25 ||    65
Invok: Heroism           |       |       |     2 ||     2
Armor: Scale mail        |    56 |    46 |       ||   102
       Chain mail        |       |    49 |    76 ||   125
Dodge: Dodged            |    32 |    53 |    38 ||   123
Block: Kite shield       |    54 |   112 |    72 ||   238
